 Dungeon Crawl Stone Soup version 0.27-a0-1612-gde56a17b89 (webtiles) character file.

Game seed: 9645418354664803892

213 siradein the Slasher (level 5, 0/38 HPs)
             Began as a Demonspawn Gladiator on July 22, 2021.
             Was an Initiate of Kikubaaqudgha.
             Slain by Grinder (5 damage)
             ... on level 5 of the Dungeon.
             The game lasted 00:06:06 (4365 turns).

siradein the Slasher (Demonspawn Gladiator)         Turns: 4365, Time: 00:06:08

Health: 0/38       AC:  7    Str: 15    XL:     5   Next: 59%
Magic:  5/5        EV: 10    Int: 10    God:    Kikubaaqudgha [......]
Gold:   181        SH:  0    Dex: 14    Spells: 4/4 levels left

rFire    . . .     SeeInvis .   q - +2 falchion (flame)
rCold    . . .     Faith    .   (no shield)
rNeg     . . .     Spirit   .   g - +0 scale mail
rPois    .         Reflect  .   (helmet restricted)
rElec    .         Harm     .   j - +0 cloak
rCorr    .         Rampage  .   (no gloves)
Will     .....                  (no boots)
Stlth    ..........             (no amulet)
HPRegen  0.12/turn              (no ring)
MPRegen  0.09/turn              (no ring)

@: no status effects
A: horns 2, spiny 1
a: Renounce Religion


You were on level 5 of the Dungeon.
You worshipped Kikubaaqudgha.
Kikubaaqudgha was noncommittal.
You visited 2 branches of the dungeon, and saw 6 of its levels.

You collected 181 gold pieces.

Inventory:

Hand Weapons
 q - a +2 falchion of flaming (weapon)
Missiles
 d - 3 throwing nets (quivered)
Armour
 g - a +0 scale mail (worn)
 j - a +0 cloak (worn)
Jewellery
 r - a ring of ice
Wands
 t - a wand of flame (24)
 v - a wand of digging (9)
Scrolls
 b - 4 scrolls of identify {unknown}
 c - a scroll of enchant weapon {unknown}
 f - a scroll of teleportation {unknown}
 h - a scroll of brand weapon {unknown}
 i - 2 scrolls of enchant armour {unknown}
 l - a scroll of acquirement {unknown}
 n - 2 scrolls of vulnerability {unknown}
 p - a scroll of fear {unknown}
 u - a scroll of magic mapping {unknown}
Potions
 a - a potion of degeneration {unknown}
 e - a potion of cancellation {unknown}
 k - a potion of lignification {unknown}
 m - a potion of ambrosia {unknown}
 o - 2 potions of flight {unknown}
 s - a potion of haste


   Skills:
 - Level 2.0 Fighting
 + Level 5.8 Long Blades
 - Level 1.7 Throwing
 - Level 2.6 Dodging


You had 4 spell levels left.
You didn't know any spells.
Your spell library contained the following spells:

 Spells                   Type           Power      Damage    Failure   Level
 Foxfire                  Conj/Fire      0%         2x1d4     85%         1
 Conjure Flame            Conj/Fire      0%         6-21      99%         3
 Inner Flame              Hex/Fire       0%         N/A       99%         3


Dungeon Overview and Level Annotations

Branches:
Dungeon (5/15)             Temple (1/1) D:4

Altars:
Ashenzari
Cheibriados
Dithmenos
Fedhas
Hepliaklqana
Kikubaaqudgha
Nemelex Xobeh
Okawaru
Ru
Sif Muna
Trog
Uskayaw
Vehumet
Wu Jian
Xom
Yredelemnul
The Shining One

Shops:
D:1 ?[   D:4 *   D:5 *

Annotations:
D:4 3 runed translucent doors, indyram44's ghost, amateur DrTm
D:5 Grinder


Innate Abilities, Weirdness & Mutations

You have a pair of horns on your head.
You are partially covered in sharp spines.


Message History

Found a short sword.
The hound barks!
Found a stone staircase leading up.
The hound barely misses you.
Your scale mail prevents you from hitting the hound.
The hound is struck by your spines. The hound bites you.
You hit the hound. You burn the hound.
The hound is heavily wounded.
The hound is struck by your spines.
You kill the hound!
Kikubaaqudgha accepts your kill.
You see here a hound corpse.
You barely miss the worm. The worm bites you!
You barely miss the worm. You headbutt the worm.
The worm is moderately wounded.
The worm is struck by your spines. The worm bites you.
You hit the worm. You burn the worm.
The worm is severely wounded.
You barely miss the worm.
You headbutt the worm, but do no damage.
The worm is severely wounded.
The worm closely misses you.
You riposte.
You hit the worm. You burn the worm. You headbutt the worm.
You kill the worm!
Kikubaaqudgha accepts your kill.
Grinder comes into view.
Found Byashatt's General Store.
Grinder shouts!
Grinder drinks a potion.
Grinder seems to speed up.
Grinder gestures at you.
You barely resist. Grinder gestures at you. You resist with significant effort.
Grinder hits you.
* * * LOW HITPOINT WARNING * * *
You closely miss Grinder. Grinder is struck by your spines. Grinder hits you.
* * * LOW HITPOINT WARNING * * *
You writhe in agony.
You die...
Kikubaaqudgha rasps: "You have failed me!
Welcome... death!"

#. #.... #..
#...# # ...#...#
∩# ..#...#..#
#.#...#..#
###.#......#
#.......#.##
#.....@5...# #
##)_8_..#####.#
#.............###
#....†..#........
#.##.)#.#.#######
#....##†#<.#
####. #.#..# #.
#.#.... #.
..#......


You could see Grinder (fast).

Vanquished Creatures
  2 hounds
  Crazy Yiuf (D:2)
  2 hound skeletons (D:4)
  3 adders
  An adder skeleton (D:4)
  A worm (D:5)
  2 dart slugs
  6 orcs
  7 endoplasms
  A giant cockroach (D:4)
  4 goblins
  3 hobgoblins
  2 quokkas (D:2)
  6 ball pythons
  9 bats
  3 frilled lizards (D:1)
  9 kobolds
  3 rats
65 creatures vanquished.

Vanquished Creatures (others)
  A fungus (D:2)
1 creature vanquished.

Grand Total: 66 creatures vanquished

Notes
Turn   | Place    | Note
-------+----------+-------------------------------------------
     0 | D:1      | siradein the Demonspawn Gladiator began the quest for the
                  | Orb.
     0 | D:1      | Reached XP level 1. HP: 16/16 MP: 1/1
    29 | D:1      | Found Caerir's Magic Scroll Shop.
   142 | D:1      | Reached skill level 3 in Long Blades
   239 | D:1      | Gained mutation: You have a pair of small horns on your
                  | head. [demonic ancestry]
   239 | D:1      | Reached XP level 2. HP: 16/22 MP: 2/2
   357 | D:1      | Found Tyczow's Armour Shoppe.
  1021 | D:1      | Found a faded altar of an unknown god.
  1410 | D:2      | Gained mutation: You have a pair of horns on your head.
                  | [demonic ancestry]
  1410 | D:2      | Reached XP level 3. HP: 27/27 MP: 3/3
  1679 | D:2      | Reached skill level 4 in Long Blades
  1988 | D:2      | Found a runed translucent door.
  1989 | D:2      | Noticed Crazy Yiuf
  2781 | D:4      | Reached XP level 4. HP: 29/33 MP: 4/4
  2895 | D:4      | Found a runed translucent gate.
  2895 | D:4      | Found a runed translucent gate.
  2895 | D:4      | Found a runed translucent gate.
  2896 | D:4      | Noticed indyram44's ghost (amateur DrTm)
  2944 | D:4      | Found Pyozet's Gadget Gallery.
  3045 | D:4      | Reached skill level 5 in Long Blades
  3230 | D:4      | Gained mutation: You are partially covered in sharp spines.
                  | [demonic ancestry]
  3230 | D:4      | Reached XP level 5. HP: 38/38 MP: 5/5
  3379 | D:4      | Found a staircase to the Ecumenical Temple.
  3657 | Temple   | Entered the Ecumenical Temple
  3853 | Temple   | Became a worshipper of Kikubaaqudgha
  4259 | D:2      | Killed Crazy Yiuf
  4346 | D:5      | Entered Level 5 of the Dungeon
  4348 | D:5      | Found an ornate altar of the Wu Jian Council.
  4348 | D:5      | Found a shadowy altar of Dithmenos.
  4361 | D:5      | Found Byashatt's General Store.
  4361 | D:5      | Noticed Grinder
  4365 | D:5      | Slain by Grinder

Illustrated notes

Levels and vault maps discovered:
D:1:      shiori_arrival_maze, layout_basic, ebering_ecumenical_altar_rust,
          serial_shops, shop, nicolae_shop_statue_plus, minmay_tall_x
D:2:      layout_loops_ring, uniq_crazy_yiuf_cottage
D:3:      layout_basic
D:4:      layout_loops_ring, nicolae_tso_swordbearing_angel,
          minmay_temple_entry_enclosed_plants, gammafunk_ghost_split,
          nicolae_shop_gadgets
D:5:      layout_basic, mainiacjoe_overflow_six_doors_small,
          amcnicky_altar_gilded, chequers_temple_overflow_statue_of_worship,
          nicolae_ossuary_entry_monument, serial_shops, shop,
          minmay_misc_feat_pillars, st_stairs_9, serial_bayou_pond_e,
          nrook_campfire, uniq_grinder
Temple:   eino_narrow_crystal_temple

Skill      XL: |  1  2  3  4 |
---------------+-------------+-----
Long Blades    | 3 4 5 |  5.8
Fighting       | |  2.0
Throwing       | |  1.7
Dodging        | |  2.6

Action                   |  1- 3 |  4- 6 || total
-------------------------+-------+-------++-------
Melee: Long sword        |    84 |       ||    84
       Headbutt          |    15 |    16 ||    31
       Falchion          |     9 |    48 ||    57
 Stab: Sleeping          |     3 |       ||     3
Armor: Leather armour    |     5 |       ||     5
       Scale mail        |    22 |     7 ||    29
Dodge: Dodged            |    47 |    22 ||    69
       Rpst.: Long sword |    12 |       ||    12
       Falchion          |       |     8 ||     8

Table legend: (Time is in decaauts)
 A = Elapsed time spent in this place.
 B = Non-inter-level travel time spent in this place.
 C = Inter-level travel time spent in this place.
 D = Time resting spent in this place.
 E = Time spent auto-exploring this place.
 F = Levels seen in this place.
 G = Mean time per level.
                   A        B        C        D        E       F      G
               +--------+--------+--------+--------+--------+-----+--------+
         Total |   4387 |   4032 |    355 |      0 |   3563 |   6 |  731.2 |
       Dungeon |   4175 |   3821 |    354 |      0 |   3422 |   5 |  835.0 |
        Temple |    211 |    211 |      0 |      0 |    141 |   1 |  211.0 |
               +--------+--------+--------+--------+--------+-----+--------+

Top non-repeatable levels by time:
     D:1: 1290 daAuts
     D:4: 1236 daAuts
     D:2: 890 daAuts
     D:3: 738 daAuts
  Temple: 211 daAuts
     D:5: 18 daAuts
